 Dungeon Crawl Stone Soup version 0.18.1-5-g4a78601 (webtiles) character file.

3124 M4edhros the Martial Artist (level 9, -1/61 HPs)
             Began as an Octopode Necromancer on May 11, 2016.
             Was a Priest of Cheibriados.
             Slain by a yak (15 damage)
             ... on level 10 of the Dungeon.
             The game lasted 00:40:09 (3041 turns).

M4edhros the Martial Artist (Octopode Necromancer)  Turns: 3041, Time: 00:40:10

Health: -1/61      AC:  1    Str: 13    XL:     9   Next: 91%
Magic:  4/14       EV: 18    Int: 26    God:    Cheibriados [***...]
Gold:   353        SH:  0    Dex: 23    Spells: 5 memorised, 1 level left

rFire  . . .     SeeInvis .       - Unarmed
rCold  . . .     Gourm    .     (no shield)
rNeg   . . .     Faith    .     (helmet restricted)
rPois  .         Spirit   .     (no amulet)
rElec  .         Dismiss  .     (no ring)
rCorr  .         Reflect  .     (no ring)
SustAt .         Harm     .     (no ring)
MR     .....                    (no ring)
Stlth  ++++......               (no ring)
                                (no ring)
                                (no ring)
                                (no ring)

@: very slightly contaminated, regenerating (expiring), very slow, not resistant
to hostile enchantments, stealthy
A: almost no armour, amphibious, 8 rings, constrict 8, antennae 1, camouflage 1,
agile 1, blurry vision 1, clever 1, regeneration 1, gelatinous body 1, no device
heal 1
a: Bend Time, Temporal Distortion, Renounce Religion


You were on level 10 of the Dungeon.
You worshipped Cheibriados.
Cheibriados was most pleased with you.
You were hungry.

You visited 2 branches of the dungeon, and saw 11 of its levels.
You also visited: Ossuary.

You collected 353 gold pieces.

Inventory:

Hand Weapons
 j - a +1 hunting sling
 v - the +0 mace of Inwifa {crush, *Rage rElec rN++ Stlth+}
   (You found it on level 7 of the Dungeon)

   It inflicts extra damage upon your enemies.
   It insulates you from electricity.
   It greatly protects you from negative energy.
   It may make you go berserk in combat.
   It makes you more stealthy.
Missiles
 d - 7 javelins (quivered)
Magical Staves
 x - an uncursed staff of earth {unknown}
Wands
 q - a wand of polymorph (21/24)
 r - a wand of teleportation (0/9)
 s - a wand of polymorph (14/24)
 t - a wand of lightning (10/15)
Scrolls
 h - a scroll of enchant weapon
 m - 2 scrolls of remove curse
 p - a scroll of brand weapon {unknown}
 w - a scroll of random uselessness {unknown}
Potions
 c - 2 potions of flight
 g - 2 potions of curing
 i - a potion of brilliance
 o - 3 potions of cancellation
 u - a potion of haste
Books
 a - a book of Necromancy

   Spells                             Type                      Level
   a - Pain                           Necromancy                   1
   b - Animate Skeleton               Necromancy                   1
   c - Vampiric Draining              Necromancy                   3
   d - Regeneration                   Charms/Necromancy            3
   e - Animate Dead                   Necromancy                   4
   f - Control Undead                 Necromancy                   4
 e - a book of Clouds

   Spells                             Type                      Level
   a - Mephitic Cloud                 Conjuration/Poison/Air       3
   b - Conjure Flame                  Conjuration/Fire             3
   c - Poisonous Cloud                Conjuration/Poison/Air       6
   d - Freezing Cloud                 Conjuration/Ice/Air          6
   e - Ring of Flames                 Charms/Fire                  7
 k - a book of the Earth

   Spells                             Type                      Level
   a - Leda's Liquefaction            Hexes/Earth                  4
   b - Bolt of Magma                  Conjuration/Fire/Earth       5
   c - Statue Form                    Transmutation/Earth          6
   d - Iron Shot                      Conjuration/Earth            6
   e - Shatter                        Earth                        9
Comestibles
 b - a bread ration
 f - 3 beef jerkies
 n - 3 chunks of flesh


   Skills:
 + Level 5.3 Fighting
 + Level 5.8 Dodging
 - Level 2.6 Stealth
 + Level 8.7 Unarmed Combat
 - Level 3.7 Spellcasting
 - Level 4.0 Necromancy
 + Level 3.8 Transmutations
 + Level 3.7 Earth Magic


You had one spell level left.
You knew the following spells:

 Your Spells              Type           Power        Failure   Level  Hunger
a - Pain                  Necr           ####         1%          1    None
b - Animate Skeleton      Necr           N/A          1%          1    None
c - Conjure Flame         Conj/Fire      #.......     30%         3    ##.....
d - Statue Form           Trmt/Erth      ###......    100%        6    #######
r - Regeneration          Chrm/Necr      ###.......   14%         3    ##.....


Dungeon Overview and Level Annotations

Branches:
Dungeon (10/15)            Temple (1/1) D:5
   Lair: D:8-11         Orc: D:9-12

Altars:
Ashenzari
Cheibriados
Dithmenos
Fedhas
Gozag
Kikubaaqudgha
Makhleb
Okawaru
Pakellas
Qazlal
Ru
Sif Muna
Trog
Vehumet
Xom
Zin

Shops:
D:8 =

Annotations:
D:6 Sigmund
D:9 heinrich's ghost, journeyman FoFi


Innate Abilities, Weirdness & Mutations

You cannot wear most types of armour.
You are amphibious.
You can wear up to eight rings at the same time.
You can use your tentacles to constrict eight enemies at once.
Your skin changes colour to match your surroundings (Stealth).
Your rubbery body absorbs attacks (AC +1).
You have a pair of small antennae on your head.
You are agile. (Dex +2)
Scrolls take you a little longer to read.
Your mind is acute. (Int +2)
Your natural rate of healing is unusually fast.
Potions and wands are less effective at restoring your health.


Message History

Unknown command.
You barely miss the yak.
You tentacle-slap the yak, but do no damage.
You squeeze the yak, but do no damage.
The yak is almost dead.
Your troll bites the yak!!
The yak dies!
Cheibriados thoroughly appreciates the change of pace.
The yak gores you!!
* * * LOW HITPOINT WARNING * * *
Unknown command.
Unknown command.
Drink which item? (? for menu, Esc to quit)
Okay, then.
Drink which item? (? for menu, Esc to quit)
You feel better.
Your skin is crawling a little less now.
Your troll bites the yak!
Your troll claws the yak! x2
The necrophage hits your troll. The yak gores you!
You die...

#Y## ###
..... #..
..#Y. #
#.#..n.##
#Y##.#......
#...e..{.#
###5###
#.Y†n.#
#.@T..#
#.<...#
#.....#
#.....#
#######


You could see Fannar, a yak, a necrophage, a shadow imp and a friendly troll.

Vanquished Creatures
  Erica (D:8)
  2 wraiths (Ossuary)
  4 sky beasts
  A black bear (D:8)
  An orc warrior (D:8)
  A phantom (D:6)
  An ogre (D:8)
  A centaur (D:8)
  2 giant frogs
  A scorpion (D:6)
  3 killer bees (D:10)
  3 wights (Ossuary)
  A howler monkey (D:9)
  A crimson imp (D:9)
  A quasit (D:8)
  2 hounds
  Crazy Yiuf (D:7)
  3 orc priests
  An iguana (D:7)
  5 worker ants
  A mummy (D:6)
  A gnoll (D:5)
  2 adders
  2 river rats (D:5)
  An adder zombie (Ossuary)
  An adder skeleton (D:6)
  3 giant geckos
  11 orcs
  3 giant cockroaches
  2 goblins (D:2)
  2 hobgoblins
  4 jackals (D:5)
  2 quokkas (D:7)
  A ball python skeleton (Ossuary)
  6 bats
  A goblin zombie (D:6)
  A hobgoblin skeleton (Ossuary)
  3 hobgoblin zombies
  3 kobolds
  2 orc skeletons (Ossuary)
  An orc zombie (Ossuary)
  2 rats
  2 plants (D:5)
93 creatures vanquished.

Vanquished Creatures (collateral kills)
  4 yaks (D:10)
  An orc warrior (D:9)
  A wyvern zombie (D:10)
  A wyvern skeleton (D:9)
  A killer bee (D:10)
  An orc wizard (D:8)
  An orc priest (D:8)
  A plant (D:5)
11 creatures vanquished.

Vanquished Creatures (others)
  2 plants (D:8)
2 creatures vanquished.

Grand Total: 106 creatures vanquished

Notes
Turn   | Place    | Note
--------------------------------------------------------------
     0 | D:1      | M4edhros the Octopode Necromancer began the quest for the Orb.
     0 | D:1      | Reached XP level 1. HP: 11/11 MP: 3/3
   105 | D:2      | Reached skill level 1 in Unarmed Combat
   219 | D:1      | Reached XP level 2. HP: 7/17 MP: 1/5
   323 | D:2      | Reached skill level 2 in Unarmed Combat
   355 | D:2      | Gained mutation: Potions and wands are less effective at restoring your health. [potion of mutation]
   355 | D:2      | Gained mutation: You have a pair of small antennae on your head. [potion of mutation]
   355 | D:2      | Gained mutation: Your natural rate of healing is unusually fast. [potion of mutation]
   418 | D:2      | Reached XP level 3. HP: 19/21 MP: 3/6
   421 | D:2      | Learned a level 1 spell: Animate Skeleton
   425 | D:2      | Learned a level 3 spell: Regeneration
   475 | D:4      | Reached skill level 3 in Unarmed Combat
   626 | D:4      | Reached XP level 4. HP: 3/27 MP: 0/7
   701 | D:5      | Entered Level 5 of the Dungeon
   727 | D:5      | Reached skill level 4 in Unarmed Combat
   797 | D:5      | Reached XP level 5. HP: 18/31 MP: 0/8
   888 | D:5      | Reached skill level 5 in Unarmed Combat
   913 | D:5      | Found a sacrificial altar of Ru.
   953 | D:5      | Found a burning altar of Makhleb.
   976 | D:5      | Found a staircase to the Ecumenical Temple.
   990 | Temple   | Entered the Ecumenical Temple
  1016 | Temple   | Became a worshipper of Cheibriados the Contemplative
  1073 | D:6      | Noticed a sky beast
  1118 | D:6      | Killed a sky beast
  1118 | D:6      | Reached XP level 6. HP: 31/36 MP: 4/9
  1179 | D:6      | Reached skill level 6 in Unarmed Combat
  1334 | D:6      | Learned a level 3 spell: Conjure Flame
  1339 | D:6      | Found a sand-covered staircase.
  1346 | Ossuary  | Entered an ossuary
  1416 | Ossuary  | Reached XP level 7. HP: 40/42 MP: 10/10
  1477 | Ossuary  | Noticed a flying skull
  1477 | Ossuary  | Noticed a wraith
  1492 | Ossuary  | Noticed a flying skull
  1523 | Ossuary  | Reached skill level 1 in Fighting
  1537 | Ossuary  | Noticed a wraith
  1566 | Ossuary  | Noticed a flying skull
  1572 | Ossuary  | Noticed a wraith
  1592 | Ossuary  | Killed a wraith
  1592 | Ossuary  | Reached skill level 7 in Unarmed Combat
  1598 | Ossuary  | Killed a wraith
  1696 | D:6      | Noticed Sigmund
  1766 | D:6      | Reached XP level 8. HP: 33/51 MP: 1/12
  1839 | D:7      | Reached * piety under Cheibriados
  2099 | D:8      | Learned a level 6 spell: Statue Form
  2174 | D:8      | Noticed Erica
  2281 | D:6      | Found a snail-covered altar of Cheibriados.
  2354 | D:6      | Reached ** piety under Cheibriados
  2449 | D:7      | Found an iron altar of Okawaru.
  2485 | D:7      | Noticed Crazy Yiuf
  2490 | D:7      | Killed Crazy Yiuf
  2493 | D:7      | Got a dazzling mace
  2494 | D:7      | Identified the cursed +0 mace of Inwifa {crush, *Rage rElec rN++ Stlth+} (You found it on level 7 of the Dungeon)
  2552 | D:8      | Found an opulent altar of Gozag.
  2566 | D:8      | Killed Erica
  2566 | D:8      | Reached skill level 8 in Unarmed Combat
  2566 | D:8      | Reached XP level 9. HP: 58/58 MP: 14/14
  2593 | D:8      | Found Paleaross's Jewellery Boutique.
  2654 | D:8      | Noticed a two-headed hydra
  2680 | D:8      | Reached skill level 5 in Dodging
  2684 | D:8      | Gained mutation: You are agile. (Dex +2) [mutagenic meat]
  2688 | D:8      | Gained mutation: Your mind is acute. (Int +2) [mutagenic meat]
  2689 | D:8      | Gained mutation: Scrolls take you a little longer to read. [mutagenic meat]
  2812 | D:8      | Found a glowing silver altar of Zin.
  2909 | D:9      | Found a shattered altar of Ashenzari.
  2975 | D:9      | Noticed heinrich's ghost (journeyman FoFi)
  2994 | D:10     | Entered Level 10 of the Dungeon
  3013 | D:10     | Reached skill level 5 in Fighting
  3026 | D:10     | Reached *** piety under Cheibriados
  3041 | D:10     | Slain by a yak

Skill      XL: |  1  2  3  4  5  6  7  8  9 |
---------------+----------------------------+-----
Unarmed Combat | 1 2 3 4 5 6 7 8 |  8.7
Fighting       | 2 4 5 |  5.3
Dodging        | 3 4 5 |  5.8
Spellcasting   | 3 |  3.7
Transmutations | 2 3 |  3.8
Earth Magic    | 2 3 |  3.7
Stealth        | |  2.6
Necromancy     | |  4.0

Action                   |  1- 3 |  4- 6 |  7- 9 || total
-------------------------+-------+-------+-------++-------
Melee: Unarmed           |    18 |   113 |   162 ||   293
       Constrict         |     6 |    19 |    29 ||    54
       Tentacles         |     5 |    21 |    33 ||    59
       Punch             |       |     8 |    10 ||    18
Throw: Javelin           |       |       |     8 ||     8
 Cast: Pain              |    28 |    12 |     3 ||    43
       Regeneration      |     3 |    11 |    13 ||    27
       Animate Skeleton  |       |     5 |     8 ||    13
Invok: Bend Time         |       |     1 |       ||     1
Evoke: Wand              |       |       |     1 ||     1
  Use: Potion            |     3 |     5 |     5 ||    13
       Scroll            |     1 |     1 |     9 ||    11
 Stab: Sleeping          |     1 |     8 |     7 ||    16
       Distracted        |       |       |     8 ||     8
  Eat: Chunk             |       |     5 |     7 ||    12
       Bread ration      |       |       |     1 ||     1
Armor: Skin              |     3 |     5 |    49 ||    57
Dodge: Dodged            |    11 |    32 |   100 ||   143
